 Dungeon Crawl Stone Soup version 0.26-a0-651-gb41185065b (webtiles) character file.

Game seed: 7885659104034282799

246 Irenicus the Geomancer (level 5, -1/42 HPs)
             Began as a Deep Dwarf Earth Elementalist on Oct 13, 2020.
             Slain by a worker ant (4 damage)
             ... on level 4 of the Dungeon.
             The game lasted 00:10:00 (1323 turns).

Irenicus the Geomancer (DDEE)                       Turns: 1323, Time: 00:10:00

Health: -1/42      AC:  5    Str: 11    XL:     5   Next: 84%
Magic:  0/8        EV: 12    Int: 17    God:
Gold:   120        SH:  0    Dex: 13    Spells: 5/8 levels left

rFire    . . .     SeeInvis .   g - staff of poison {rPois}
rCold    . . .     Faith    .   (no shield)
rNeg     . . .     Spirit   .   a - +0 leather armour
rPois    +         Reflect  .   (no helmet)
rElec    .         Harm     .   f - +0 cloak
rCorr    .         Rampage  .   (no gloves)
MR       .....                  n - +0 pair of boots
Stlth    ++........             (no amulet)
HPRegen  0.00/turn              (no ring)
MPRegen  0.11/turn              (no ring)

@: lethally poisoned (-1 -> -1), non-regenerating
A: damage resistance, heal wounds, sense surroundings 1, no regeneration
a: Heal Wounds


You were on level 4 of the Dungeon.
You visited 1 branch of the dungeon, and saw 4 of its levels.

You collected 120 gold pieces.

Inventory:

Hand Weapons
 c - a +0 dagger
   (You took it off a goblin on level 1 of the Dungeon)
Missiles
 b - 81 stones (quivered)
Armour
 a - a +0 leather armour (worn)
   (You found it on level 1 of the Dungeon)
 f - a +0 cloak (worn)
   (You found it on level 1 of the Dungeon)
 n - a +0 pair of boots (worn)
   (You found it on level 3 of the Dungeon)
Magical Staves
 g - an uncursed staff of poison (weapon) {rPois}
   (You found it on level 2 of the Dungeon)
Wands
 m - a wand of flame (20)
   (You took it off Natasha on level 2 of the Dungeon)
Scrolls
 d - 3 scrolls of enchant armour {unknown}
 e - 4 scrolls of identify
 h - a scroll of noise {unknown}
 i - 4 scrolls of remove curse {unknown}
 j - 4 scrolls of teleportation {unknown}
 k - a scroll of enchant weapon {unknown}
 p - a scroll of immolation {unknown}
Potions
 l - a potion of brilliance
 o - a potion of cancellation


   Skills:
 - Level 2.1 Dodging
 - Level 2.4 Stealth
 - Level 2.3 Spellcasting
 - Level 0.8 Transmutations
 + Level 8.4 Earth Magic


You had 5 spell levels left.
You knew the following spells:

 Your Spells              Type           Power        Failure   Level
a - Sandblast             Erth           ####..       1%          1
w - Passwall              Tmut/Erth      ###.....     5%          2

Your spell library contained the following spells:

 Spells                   Type           Power        Failure   Level
 Stone Arrow              Conj/Erth      ###...       13%         3
 Lee's Rapid Deconstruct  Erth           ####......   22%         5
 Petrify                  Tmut/Erth      ###.....     36%         4


Dungeon Overview and Level Annotations

Branches:
Dungeon (4/15)
 Temple: D:4-7

Altars:
Cheibriados
Gozag


Innate Abilities, Weirdness & Mutations

You are resistant to damage.
You can heal yourself by infusing magical energy.
You passively map a small area around you.
You do not regenerate.


Message History

Press: ? - help, Shift-Dir - straight line, f/p - iguana
Aim: an iguana (severely wounded)
The blast of sand misses the iguana.
b - 85 stones You now have 0/8 mp.
You hit the iguana but do no damage.
The iguana is severely wounded.
The iguana bites you!
* * * LOW HITPOINT WARNING * * *
The worker ant waves its antennae.
You take 12 damage, and have 12/42 hp.
MASSIVE DAMAGE!!
Casting: Sandblast (safe; 1% risk of failure)
Confirm with . or Enter, or press ? or * to list all spells.
Okay, then.
Casting: Sandblast (safe; 1% risk of failure)
Confirm with . or Enter, or press ? or * to list all spells.
Aiming: Sandblast (safe; 1% risk of failure)
Press: ? - help, Shift-Dir - straight line, f/p - iguana
Aim: an iguana (severely wounded)
The blast of sand hits the iguana.
The iguana is almost dead.
b - 84 stones The iguana bites you.
* * * LOW HITPOINT WARNING * * *
You take 3 damage, and have 9/42 hp.
You now have 0/8 mp.
Casting: Sandblast (safe; 1% risk of failure)
Confirm with . or Enter, or press ? or * to list all spells.
Aiming: Sandblast (safe; 1% risk of failure)
Press: ? - help, Shift-Dir - straight line, f/p - iguana
Aim: an iguana (almost dead)
The blast of sand hits the iguana!
You kill the iguana!
b - 83 stones You now have 0/8 mp.
Okay, then.
Okay, then.
The worker ant bites you.
* * * LOW HITPOINT WARNING * * *
You take 4 damage, and have 5/42 hp.
Casting: Sandblast (safe; 1% risk of failure)
Confirm with . or Enter, or press ? or * to list all spells.
Aiming: Sandblast (safe; 1% risk of failure)
Press: ? - help, Shift-Dir - straight line, f - worker ant
Aim: a worker ant The blast of sand misses the worker ant.
b - 82 stones The worker ant barely misses you.
You now have 0/8 mp.
You hit the worker ant.
The worker ant is lightly wounded.
The worker ant closely misses you.
You barely miss the worker ant.
The worker ant is lightly wounded.
The worker ant bites you but does no damage.
The worker ant barely misses you.
You closely miss the worker ant.
The worker ant is lightly wounded.
The worker ant closely misses you.
You closely miss the worker ant.
The worker ant is lightly wounded.
The worker ant barely misses you. x2
You hit the worker ant but do no damage.
The worker ant is lightly wounded.
The worker ant barely misses you.
You hit the worker ant.
The worker ant is lightly wounded.
The worker ant bites you but does no damage.
The worker ant bites you.
You closely miss the worker ant.
The worker ant is lightly wounded.
The worker ant closely misses you.
Casting: Sandblast (safe; 1% risk of failure)
Confirm with . or Enter, or press ? or * to list all spells.
Aiming: Sandblast (safe; 1% risk of failure)
Press: ? - help, Shift-Dir - straight line, f/p - worker ant
Aim: a worker ant (lightly wounded)
The blast of sand hits the worker ant!
The worker ant is heavily wounded.
b - 81 stones The worker ant closely misses you.
You now have 0/8 mp.
You hit the worker ant.
The worker ant is severely wounded.
The worker ant bites you.
* * * LOW HITPOINT WARNING * * *
The worker ant bites you.
* * * LOW HITPOINT WARNING * * *
You are poisoned.
The worker ant poisons you!
You take 2 damage, and have 3/42 hp.
You closely miss the worker ant.
The worker ant is severely wounded.
The worker ant completely misses you.
You completely miss the worker ant.
The worker ant is severely wounded.
The worker ant barely misses you.
You barely miss the worker ant.
The worker ant is severely wounded.
The worker ant bites you.
You die...

* * , , , * * * , * , , *
* * ,* ,, .#.# * * *#.#.#
* * , #.#.### *
#########.....#
+..@a.......# , * * ,
#######...### , #.#.###.#
* #.......#* #.# , *
###.#####*,#.# * * **
#.#... #.# , #†#.######.#
#............#...........
#............###.###..#.#


You could see a worker ant.

Vanquished Creatures
  A howler monkey (D:4)
  An iguana (D:4)
  Natasha (thrice) (D:2)
  A worker ant (D:4)
  An adder (D:2)
  A white imp (D:4)
  An ooze (D:1)
  A worm (D:2)
  2 dart slugs
  3 orcs (D:3)
  3 ball pythons
  6 giant cockroaches
  7 goblins
  6 hobgoblins
  4 jackals (D:2)
  6 kobolds
  A quokka (D:3)
  5 bats
  6 frilled lizards
  6 rats
65 creatures vanquished.

Notes
Turn   | Place    | Note
-------+----------+-------------------------------------------
     0 | D:1      | Irenicus the Deep Dwarf Earth Elementalist began the quest
                  | for the Orb.
     0 | D:1      | Reached XP level 1. HP: 15/15 MP: 3/3
    89 | D:1      | Reached skill level 2 in Spellcasting
   138 | D:1      | Reached XP level 2. HP: 22/22 MP: 0/5
   371 | D:2      | Noticed Natasha
   403 | D:2      | Reached skill level 5 in Earth Magic
   403 | D:2      | Reached XP level 3. HP: 24/28 MP: 0/6
   409 | D:2      | HP: 5/28 [Natasha/magic dart (6)]
   409 | D:2      | HP: 2/28 [Natasha (3)]
   417 | D:2      | Found an opulent altar of Gozag.
   419 | D:2      | Killed Natasha
   475 | D:2      | Noticed Natasha
   489 | D:2      | Killed Natasha
   489 | D:2      | Reached skill level 6 in Earth Magic
   489 | D:2      | Reached XP level 4. HP: 23/36 MP: 2/7
   749 | D:2      | Noticed Natasha
   752 | D:2      | Killed Natasha
   752 | D:2      | Reached skill level 7 in Earth Magic
   830 | D:3      | Found a snail-covered altar of Cheibriados.
   832 | D:3      | Reached XP level 5. HP: 27/42 MP: 3/8
   939 | D:3      | Learned a level 2 spell: Passwall
  1215 | D:4      | Reached skill level 8 in Earth Magic
  1293 | D:4      | HP: 9/42 [iguana (3)]
  1308 | D:4      | HP: 5/42 [worker ant (4)]
  1320 | D:4      | HP: 4/42 [worker ant (1)]
  1323 | D:4      | Slain by a worker ant

Illustrated notes

Levels and vault maps discovered:
D:1:      sevenhm_arrival_forest_fort_large_2, layout_rooms
D:2:      layout_rooms, grunt_gozag_statues, uniq_natasha
D:3:      layout_rooms, kennysheep_slug_shrine
D:4:      kennysheep_goblin_castle, layout_basic, nicolae_tso_carved_into_rock,
          hangedman_decor_clover_reticule

Skill      XL: |  1  2  3  4  5 |
---------------+----------------+-----
Spellcasting   | 2 |  2.3
Earth Magic    | 5 6 7 8 |  8.4
Dodging        | |  2.1
Stealth        | |  2.4
Transmutations | |  0.8

Action                   |  1- 3 |  4- 6 || total
-------------------------+-------+-------++-------
Melee: Dagger            |    36 |       ||    36
       Staff             |       |    36 ||    36
 Cast: Sandblast         |    34 |    59 ||    93
       Passwall          |       |     6 ||     6
 Abil: Heal Wounds       |     1 |       ||     1
  Use: Scroll            |       |     2 ||     2
Armor: Leather armour    |    20 |    17 ||    37
Dodge: Dodged            |    61 |    38 ||    99

Table legend: (Time is in decaauts)
 A = Elapsed time spent in this place.
 B = Non-inter-level travel time spent in this place.
 C = Inter-level travel time spent in this place.
 D = Time resting spent in this place.
 E = Time spent auto-exploring this place.
 F = Levels seen in this place.
 G = Mean time per level.
                   A        B        C        D        E       F      G
               +--------+--------+--------+--------+--------+-----+--------+
         Total |   1346 |   1346 |      0 |      0 |      0 |   4 |  336.5 |
       Dungeon |   1346 |   1346 |      0 |      0 |      0 |   4 |  336.5 |
               +--------+--------+--------+--------+--------+-----+--------+

Top non-repeatable levels by time:
     D:2: 448 daAuts
     D:1: 364 daAuts
     D:3: 362 daAuts
     D:4: 170 daAuts

Table legend:
 A = Kills in this place as a percentage of kills in entire the game.
 B = Kills by you in this place as a percentage of kills by you in the entire game.
 C = Kills by friends in this place as a percentage of kills by friends in the entire game.
 D = Other kills in this place as a percentage of other kills in the entire game.
 E = Experience gained in this place as a percentage of experience gained in the entire game.
 F = Experience gained in this place divided by the number of levels of this place that you have seen.
                   A       B       C       D       E      F
               +-------+-------+-------+-------+-------+----------------------
         Total | 100.0 | 100.0 |   N/A |   N/A | 100.0 |  88.0
       Dungeon | 100.0 | 100.0 |   N/A |   N/A | 100.0 |  88.0
               +-------+-------+-------+-------+-------+----------------------
